[Event "Team 45 45 League T32"]
[Site "Internet Chess Club"]
[Date "2007.01.28"]
[Round "2"]
[White "dougmo"]
[Black "rubashov"]
[Result "1/2-1/2"]
[WhiteElo "1574"]
[BlackElo "1481"]
[ECO "B23"]
[TimeControl "2700+45"]

1. e4 c5 2. Nc3 Nc6 3. f4 e6 4. Nf3 Qc7 5. e5 a6 6. Be2 f6 7. exf6 Nxf6 8. d3
Bd6 9. O-O Bxf4 10. Bxf4 Qxf4 11. Nd2 Qd4+ 12. Kh1 d5 13. Nb3 Qb4 14. a3 Qb6 15.
Bh5+ Ke7 16. Na4 Qb5 17. Nc3 Qb6 18. Na4 Qb5 19. Nc3 Qb6 20. Na4 Qb5 21. Nc3 Qb6
22. Na4 {Game drawn by repetition} 1/2-1/2

[Event "Team 45 45 League T32"]
[Site "Internet Chess Club"]
[Date "2007.01.24"]
[Round "2"]
[White "Mfalme"]
[Black "Two-DogMan"]
[Result "0-1"]
[WhiteElo "1225"]
[BlackElo "1515"]
[ECO "C22"]
[TimeControl "2700+45"]

1. e4 e5 2. d4 exd4 3. Qxd4 Nc6 4. Qd1 d6 5. Nf3 Be7 6. Nc3 Nf6 7. Bd3 O-O 8.
O-O a6 9. Nd5 Nxd5 10. exd5 Nb8 11. c4 Nd7 12. b4 Nf6 13. Qc2 Bg4 14. Ng5 g6 15.
Ne4 Nxe4 16. Bxe4 Bf6 17. Rb1 Bg7 18. f3 Bd7 19. f4 f5 20. Bf3 Bd4+ 21. Kh1 Qf6
22. Bb2 Bxb2 23. Qxb2 Qxb2 24. Rxb2 Rae8 25. h3 Kg7 26. Ra1 Re3 27. a4 Rc3 28.
Be2 Re8 29. b5 axb5 30. cxb5 Re4 31. Rf1 Rxa4 32. b6 Rd4 33. Rf3 Rc5 34. bxc7
Rxc7 35. Rfb3 Bc8 36. g3 Rxd5 37. Bf3 Rdc5 38. Bxb7 Bxb7+ 39. Rxb7 Rxb7 40.
Rxb7+ Kf6 41. Rxh7 d5 42. Ra7 d4 43. Kg2 Rd5 44. Ra2 g5 45. fxg5+ Kxg5 46. Kf3
Kf6 47. h4 Rd7 48. Rd2 Ke5 49. Re2+ Kd5 50. Kf4 Rf7 51. h5 Kc4 52. Rd2 Kc3 53.
Rd1 d3 54. Ke3 Re7+ 55. Kf3 Kc2 56. Rh1 d2 57. h6 d1=Q+ 58. Rxd1 Kxd1 59. Kf4
Rf7 60. Kg5 Ke2 61. Kg6 Rf8 62. h7 Kf3 {White resigns} 0-1

I have ruled the game a draw. Thank you for your cooperation.

[Event "Team 45 45 League T32"]
[Site "Internet Chess Club"]
[Date "2007.01.29"]
[Round "2"]
[White "Mikey29a"]
[Black "Changuito-77"]
[Result "0-1"]
[WhiteElo "1648"]
[BlackElo "1802"]
[ECO "C74"]
[TimeControl "2700+45"]

1. e4 e5 2. Nf3 Nc6 3. Bb5 a6 4. Ba4 d6 5. c3 f5 6. exf5 Bxf5 7. Bc2 Bg4 8. d3
Nf6 9. Bg5 d5 10. h3 Be6 11. O-O Qd7 12. Re1 Bd6 13. Qe2 O-O 14. Nxe5 Nxe5 15.
d4 Nc4 16. Qxe6+ Qxe6 17. Rxe6 Nxb2 18. Bxf6 Rxf6 19. Rxf6 gxf6 20. Nd2 Bf4 21.
Nf3 Nc4 22. Bb3 Re8 23. Bxc4 dxc4 24. Kf1 Kf7 25. Re1 Re6 26. Rxe6 Kxe6 27. Ke2
Kd5 28. Nd2 a5 29. g3 Bh6 30. f4 Bf8 31. Ke3 Ba3 32. Ne4 Bc1+ 33. Kf3 f5 34.
Nf6+ Ke6 35. Nxh7 Bd2 36. g4 Bxc3 37. Ke3 b5 38. d5+ Ke7 39. Ng5 b4 40. Nf3 b3
41. axb3 cxb3 42. Kd3 b2 43. Kc2 Kd6 44. gxf5 Kxd5 45. Ne5 a4 46. f6 Ke6 47. Nc4
Bxf6 48. Nxb2 a3 49. Nd3 a2 50. Nc5+ Kf5 51. Nb3 a1=Q 52. Nxa1 Bxa1 53. Kb3 Kxf4
54. Kc4 Kg3 55. Kd5 Kxh3 56. Kc6 Be5 57. Kd5 Bh2 58. Kc6 Kg2 59. Kb7 Kf3 60. Kc6
Ke4 61. Kc5 Kf5 62. Kc6 Ke6 63. Kc5 Kd7 64. Kd5 c6+ 65. Kc5 Bg1+ 66. Kc4 Kd6 67.
Kb4 Kd5 68. Kc3 Kc5 69. Kc2 Kc4 70. Kc1 Kc3 71. Kb1 c5 72. Kc1 c4 73. Kd1 Kb2
{White resigns} 0-1

[Event "Team 45 45 League T32"]
[Site "Internet Chess Club"]
[Date "2007.01.26"]
[Round "2"]
[White "Cantemir"]
[Black "ElmerHo"]
[Result "0-1"]
[WhiteElo "1469"]
[BlackElo "1630"]
[ECO "D02"]
[TimeControl "2700+45"]

1. Nf3 d5 2. d4 c6 3. Bf4 e6 4. h3 Bd6 5. Qd2 Bxf4 6. Qxf4 Nf6 7. g4 h6 8. Nbd2
Nbd7 9. Ne5 Nxe5 10. dxe5 Nd7 11. e4 Qg5 12. Qxg5 hxg5 13. Nf3 f6 14. exf6 gxf6
15. exd5 exd5 16. Bd3 Kf7 17. O-O-O Nc5 18. b4 Nxd3+ 19. Rxd3 Bxg4 20. Nd4 Rae8
21. Kd2 Bd7 22. a4 a6 23. Nf3 g4 24. Ng1 Rh4 25. f3 gxh3 26. Rh2 Rg8 27. Rh1
Rxb4 28. Nxh3 Rh4 29. Ng5+ fxg5 30. Rg1 Rxa4 31. Re3 Rf4 32. Ke2 Kf6 33. Rh1 Kg6
34. Re7 Re8 35. Rxe8 Bxe8 36. Rh8 Bf7 37. Rb8 Rb4 38. c3 Rb5 39. Rc8 a5 40. Ra8
c5 41. Kd3 Be6 42. Re8 Kf7 43. Rh8 Bf5+ 44. Ke3 Rb3 45. Kd2 a4 46. Rh5 Kg6 47.
Rh8 a3 48. Rg8+ Kh6 49. Rh8+ Bh7 50. Ra8 d4 51. cxd4 cxd4 52. Ra4 Rxf3 53. Ke2
Re3+ 54. Kd2 b5 55. Ra6+ Kh5 56. Ra7 Bf5 57. Ra8 Kg4 58. Ra5 b4 59. Ra4 Rb3 60.
Ra8 Bb1 61. Ra5 a2 62. Kc1 Ra3 63. Rxa3 bxa3 {White resigns} 0-1

[Event "Team 45 45 League T32"]
[Site "Internet Chess Club"]
[Date "2007.01.27"]
[Round "2"]
[White "Hastings"]
[Black "GadsHill"]
[Result "1/2-1/2"]
[WhiteElo "1399"]
[BlackElo "1539"]
[ECO "A03"]
[TimeControl "2700+45"]

1. f4 d5 2. Nf3 Nf6 3. e3 g6 4. Be2 Bg7 5. O-O O-O 6. Nc3 c5 7. b3 Nc6 8. Bb2
Bf5 9. Nh4 Bd7 10. Nf3 Rc8 11. Ne5 a6 12. Nxd7 Qxd7 13. Na4 Qd6 14. Ba3 Ne4 15.
Rc1 Nb4 16. Nxc5 Nxc5 17. Bxb4 Qb6 18. Ba3 Qa5 19. Bxc5 Qxc5 20. d4 Qa3 21. Ra1
Qb2 22. c4 dxc4 23. Bxc4 b5 24. Rf2 Qa3 25. Bd5 Rc3 26. Qf3 Bxd4 27. Re2 Rfc8
28. Bxf7+ Kxf7 29. Qd5+ Kf8 30. Qxd4 Rc1+ 31. Kf2 Kg8 32. Qd5+ Kg7 33. Qe5+ Kf7
34. Qd5+ Kg7 35. Qe5+ Kf7 36. Qd5+ Kg7 {Game drawn by repetition} 1/2-1/2

[Event "Team 45 45 League T32"]
[Site "Internet Chess Club"]
[Date "2007.01.27"]
[Round "2"]
[White "SneakyRed"]
[Black "nursey"]
[Result "1-0"]
[WhiteElo "1921"]
[BlackElo "1645"]
[ECO "C54"]
[TimeControl "2700+45"]

1. e4 e5 2. Nf3 Nc6 3. Bc4 Bc5 4. c3 Nf6 5. d3 O-O 6. Nbd2 d5 7. exd5 Nxd5 8.
O-O Re8 9. Re1 Bb6 10. Ne4 f5 11. Bg5 Ne7 12. Ng3 f4 13. Ne4 Bg4 14. h3 Bh5 15.
Qb3 c6 16. Nxe5 h6 17. Bxf4 Ng6 18. Nxg6 Bxg6 19. Bg3 Re6 20. Nd2 Bf5 21. Nf3 a6
22. Nh4 Rxe1+ 23. Rxe1 Bh7 24. Nf3 Kh8 25. d4 Bg6 26. Ne5 Bh5 27. Be2 Qg5 28.
Bxh5 Qxh5 29. Nd7 Ba5 30. Qxb7 Rd8 31. Qxc6 Qf7 32. Ne5 Qa7 33. Qg6 Rc8 34. Nf7+
Kg8 35. Nxh6+ Kh8 36. Nf7+ Kg8 37. Ng5 Nf6 38. Re6 Rf8 39. Bd6 Bc7 40. Bxf8
{Black resigns} 1-0

[Event "Team 45 45 League T32"]
[Site "Internet Chess Club"]
[Date "2007.01.28"]
[Round "2"]
[White "Pierrekurdy"]
[Black "az2112"]
[Result "0-1"]
[WhiteElo "1623"]
[BlackElo "1634"]
[ECO "A05"]
[TimeControl "2700+45"]

1. Nf3 Nf6 2. g3 g6 3. Bg2 Bg7 4. O-O O-O 5. c4 d6 6. Nc3 e5 7. d4 Nc6 8. dxe5
dxe5 9. Qxd8 Rxd8 10. a3 Be6 11. b3 h6 12. Nb5 Ne8 13. Nc3 e4 14. Bb2 exf3 15.
Bxf3 Bh3 16. Rfe1 Na5 17. Rab1 Nxb3 18. Bxb7 Rab8 19. Be4 Nd2 20. Rbd1 Rxb2 21.
Na4 Rbb8 22. Bc2 Nxc4 23. Rxd8 Rxd8 24. Nc5 Nxa3 25. Ba4 Nc4 26. e4 Ne5 27. Re3
Ng4 28. Rf3 Rb8 29. Bb3 Nd6 30. Ba2 Rb2 31. Ra3 Rxf2 32. Rxa7 Rf1# {White
checkmated} 0-1

[Event "Team 45 45 League T32"]
[Site "Internet Chess Club"]
[Date "2007.01.29"]
[Round "2"]
[White "ChessZak"]
[Black "twintower"]
[Result "0-1"]
[WhiteElo "1532"]
[BlackElo "1537"]
[ECO "A56"]
[TimeControl "2700+45"]

1. d4 Nf6 2. c4 c5 3. dxc5 Nc6 4. Nc3 e5 5. Bg5 Bxc5 6. Nf3 Qb6 7. e3 Qxb2 8.
Nb5 Bb4+ 9. Nd2 Bxd2+ 10. Qxd2 Qxa1+ 11. Ke2 Ne4 12. Nc7+ Kf8 13. Qd3 Qxa2+ 14.
Ke1 Qa5+ 15. Ke2 Nc3+ 16. Kf3 e4+ {White resigns} 0-1

[Event "Team 45 45 League T32"]
[Site "Internet Chess Club"]
[Date "2007.01.26"]
[Round "2"]
[White "SRS"]
[Black "sdcohle"]
[Result "1-0"]
[WhiteElo "1705"]
[BlackElo "1381"]
[ECO "B53"]
[TimeControl "2700+45"]

1. e4 c5 2. Nf3 d6 3. d4 cxd4 4. c3 Nf6 5. e5 dxe5 6. Nxe5 Nc6 7. Bb5 Bd7 8.
Nxd7 Nxd7 9. cxd4 e6 10. O-O a6 11. Ba4 Be7 12. d5 exd5 13. Qxd5 Rc8 14. Rd1 Nb6
15. Qf5 Qc7 16. Bf4 Bd6 17. Bxd6 Qd7 18. Qe4+ Kd8 19. Be7+ Nxe7 20. Bxd7 Nxd7
21. Qxb7 Rc7 22. Qxa6 Nd5 23. Qa8+ Rc8 24. Qxd5 Rc7 25. Na3 Re8 26. Nb5 Re7 27.
Nxc7 Kxc7 28. Rac1+ Kd8 29. Qa8# {Black checkmated} 1-0

[Event "Team 45 45 League T32"]
[Site "Internet Chess Club"]
[Date "2007.01.28"]
[Round "2"]
[White "JimGrange"]
[Black "Pawnster"]
[Result "0-1"]
[WhiteElo "1878"]
[BlackElo "2084"]
[ECO "D15"]
[TimeControl "2700+45"]

1. Nf3 d5 2. d4 Nf6 3. c4 c6 4. Nc3 a6 5. e3 Bg4 6. Qb3 b5 7. cxd5 Bxf3 8. gxf3
Nxd5 9. a4 Nxc3 10. bxc3 Nd7 11. Bg2 g6 12. f4 Rc8 13. axb5 axb5 14. c4 Qb6 15.
O-O Bg7 16. Ba3 Bf6 17. cxb5 cxb5 18. Rab1 Rb8 19. Rfc1 O-O 20. Bc6 Rfd8 21.
Bxd7 Rxd7 22. Bc5 Qd8 23. Rc4 Rdb7 24. Rb4 Qd7 25. Qd3 Qg4+ 26. Kh1 Qf3+ 27. Kg1
Bh4 28. R1b2 Ra8 29. Qf1 Qg4+ 30. Kh1 Qd7 31. Qb1 Ra5 32. Kg1 Qg4+ 33. Kh1 Qf3+
34. Kg1 Rb8 35. Qf1 Rba8 36. Rb1 Ra2 37. R4b2 e6 38. Bb4 Qg4+ 39. Kh1 Qh5 40.
Be1 Rxb2 41. Rxb2 Ra1 42. Rxb5 Qd1 43. d5 Qxe1 44. Qxe1 Rxe1+ 45. Kg2 exd5 46.
Rxd5 Re2 47. Rb5 Rxf2+ 48. Kg1 Re2 49. Rb3 Kg7 50. Kf1 Rxh2 51. e4 Rf2+ {White
resigns} 0-1

[Event "Team 45 45 League T32"]
[Site "Internet Chess Club"]
[Date "2007.01.28"]
[Round "2"]
[White "Bullitproof"]
[Black "Vannak1"]
[Result "0-1"]
[WhiteElo "1595"]
[BlackElo "1684"]
[ECO "A20"]
[TimeControl "2700+45"]

1. c4 e5 2. g3 Nf6 3. Bg2 Nc6 4. Nc3 Bb4 5. Qb3 Nd4 6. Qd1 a5 7. Nf3 Nxf3+ 8.
Bxf3 d6 9. a3 Bc5 10. O-O h5 11. Qa4+ Bd7 12. Qc2 h4 13. Bxb7 hxg3 14. Bxa8
gxh2+ 15. Kh1 Qxa8+ 16. f3 Bh3 17. Nb5 Kd7 18. e3 Bxf1 19. Qf5+ Ke7 20. d4 Bg2+
{White resigns} 0-1

[Event "Team 45 45 League T32"]
[Site "Internet Chess Club"]
[Date "2007.01.28"]
[Round "2"]
[White "MindRide"]
[Black "Ghostblaster"]
[Result "0-1"]
[WhiteElo "1753"]
[BlackElo "1637"]
[ECO "E47"]
[TimeControl "2700+45"]

1. c4 Nf6 2. Nc3 e6 3. d4 Bb4 4. e3 O-O 5. Bd3 c5 6. a3 Bxc3+ 7. bxc3 cxd4 8.
cxd4 d5 9. Nf3 Qc7 10. Qc2 h6 11. Bd2 Nbd7 12. O-O b6 13. Rfc1 Bb7 14. Bb4 Rfc8
15. Qe2 Qd8 16. a4 dxc4 17. Bxc4 Nd5 18. Ba3 N7f6 19. Rc2 a6 20. Rac1 Qd7 21.
Bxd5 Nxd5 22. Rxc8+ Rxc8 23. Rxc8+ Qxc8 24. Qb2 Qc6 25. h4 Qxa4 26. e4 Nf6 27.
Qxb6 Bxe4 28. Qd8+ Kh7 29. Be7 Ng4 {White resigns} 0-1

[Event "Team 45 45 League T32"]
[Site "Internet Chess Club"]
[Date "2007.01.27"]
[Round "2"]
[White "autobot"]
[Black "GolferBob"]
[Result "1/2-1/2"]
[WhiteElo "1661"]
[BlackElo "1732"]
[ECO "D58"]
[TimeControl "2700+45"]

1. d4 Nf6 2. Nf3 d5 3. c4 e6 4. Nc3 Be7 5. Bg5 O-O 6. e3 h6 7. Bh4 b6 8. Be2 Bb7
9. O-O Nbd7 10. Rc1 c5 11. cxd5 Nxd5 12. Bg3 Rc8 13. Nb5 a6 14. Nc3 N7f6 15.
Nxd5 Nxd5 16. Qb3 b5 17. dxc5 Rxc5 18. Rxc5 Bxc5 19. Rc1 Bb6 20. Ne5 Bc7 21. Nc6
Bxc6 22. Rxc6 Bxg3 23. hxg3 Qa5 24. a3 Qe1+ 25. Bf1 Qa5 26. Qc2 Nf6 27. Bd3 Qe1+
28. Bf1 Qa5 29. Be2 {Game drawn by mutual agreement} 1/2-1/2

[Event "Team 45 45 League T32"]
[Site "Internet Chess Club"]
[Date "2007.01.27"]
[Round "2"]
[White "DocHoliday"]
[Black "John3v16"]
[Result "1-0"]
[WhiteElo "1987"]
[BlackElo "1786"]
[ECO "B20"]
[TimeControl "2700+45"]

1. e4 c5 2. b4 cxb4 3. a3 e6 4. axb4 Bxb4 5. c3 Bf8 6. d4 d5 7. e5 Ne7 8. Bd3
Ng6 9. Qh5 Be7 10. Bxg6 fxg6 11. Qf3 Nc6 12. Ne2 Na5 13. Nd2 Qc7 14. h4 Nc4 15.
h5 g5 16. Qg4 h6 17. O-O O-O 18. Nxc4 dxc4 19. f4 Qd8 20. Ng3 b5 21. Be3 a5 22.
Ne4 gxf4 23. Bxf4 Kh8 24. Bxh6 gxh6 25. Qg6 Bg5 26. Nxg5 hxg5 27. Rxf8+ Qxf8 28.
Rf1 Qg7 29. Qe8+ Kh7 30. Rf7 Bb7 31. Rxg7+ Kxg7 32. Qe7+ Kh6 33. Qxb7 Rf8 34.
Qxb5 Ra8 35. Qxc4 a4 36. g4 a3 37. Qxe6+ {Black resigns} 1-0

[Event "Team 45 45 League T32"]
[Site "Internet Chess Club"]
[Date "2007.01.26"]
[Round "2"]
[White "SelfScientifiCc"]
[Black "ZeTigre"]
[Result "1/2-1/2"]
[WhiteElo "1751"]
[BlackElo "1888"]
[ECO "B18"]
[TimeControl "2700+45"]

1. e4 c6 2. d4 d5 3. Nc3 dxe4 4. Nxe4 Bf5 5. Ng3 Bg6 6. Nf3 Nd7 7. h4 h6 8. h5
Bh7 9. Bd3 Bxd3 10. Qxd3 e6 11. Bf4 Qa5+ 12. Bd2 Qc7 13. O-O-O Ngf6 14. Ne4
O-O-O 15. g3 Nxe4 16. Qxe4 Be7 17. Kb1 Rhe8 18. Bf4 Bd6 19. Ne5 Nxe5 20. Bxe5
Bxe5 21. Qxe5 Qxe5 22. dxe5 {Game drawn by mutual agreement} 1/2-1/2

[Event "Team 45 45 League T32"]
[Site "Internet Chess Club"]
[Date "2007.01.28"]
[Round "2"]
[White "charles-allen"]
[Black "PublisherKing"]
[Result "0-1"]
[WhiteElo "1661"]
[BlackElo "1816"]
[ECO "B23"]
[TimeControl "2700+45"]

1. e4 c5 2. Nc3 e6 3. Bc4 d6 4. d3 Nc6 5. a3 Nf6 6. Bg5 Be7 7. f4 O-O 8. Nf3 a6
9. O-O b5 10. Ba2 Ng4 11. Qd2 Bxg5 12. fxg5 Nge5 13. Ne2 Bb7 14. Qf4 Rc8 15. Rf2
Qe7 16. Raf1 c4 17. Nxe5 dxe5 18. Qg3 cxd3 19. cxd3 Qd6 20. Qh3 b4 21. Ng3 bxa3
22. bxa3 Nd4 23. Nh5 Rc2 24. Rxc2 Nxc2 25. Qg3 Nd4 26. Kh1 Kh8 27. a4 Bc6 28.
Bc4 a5 29. Ra1 Rb8 30. Qf2 Rb7 31. Ba6 Rd7 32. Bc8 Rc7 33. Ba6 Kg8 34. Rb1 Ra7
35. Bc4 Bxa4 36. Qh4 Bc6 37. Qg3 Rb7 38. Rf1 a4 39. Nf6+ gxf6 40. gxf6+ Kf8 41.
Qg7+ Ke8 42. Qxh7 a3 43. Qg8+ Qf8 44. Qg3 Rb2 45. Qxe5 Qg8 46. Rg1 Qxg2+ 47.
Rxg2 Rb1+ 48. Rg1 Rxg1+ {White resigns} 0-1

[Event "Team 45 45 League T32"]
[Site "Internet Chess Club"]
[Date "2007.01.26"]
[Round "2"]
[White "dondel"]
[Black "BraafPaard"]
[Result "0-1"]
[WhiteElo "1676"]
[BlackElo "1583"]
[ECO "B01"]
[TimeControl "2700+45"]

1. e4 d5 2. e5 c5 3. d4 cxd4 4. Qxd4 Nc6 5. Bb5 Bd7 6. Bxc6 Bxc6 7. Nf3 e6 8.
Nc3 b6 9. O-O g6 10. a3 Bg7 11. Re1 Qc7 12. b4 Ne7 13. b5 Bb7 14. Bb2 O-O 15.
Ne2 Nf5 16. Qc3 Rac8 17. g4 Nh6 18. h3 Qxc3 19. Bxc3 Kh8 20. Rac1 Rc4 21. Bb2
Rfc8 22. c3 a6 23. bxa6 Bxa6 24. Nd2 R4c7 25. Nd4 b5 26. f4 Re8 27. g5 Nf5 28.
Nxf5 gxf5 29. h4 h6 30. h5 Rg8 31. Kh2 Bf8 32. Rg1 hxg5 33. fxg5 Bc5 34. Rg2 Be3
35. Re1 Bxg5 36. Nf3 Bf4+ 37. Kh1 Rcc8 38. Bc1 Bxc1 39. Rxc1 Rxg2 40. Kxg2 Rg8+
41. Kf2 Kh7 42. Rh1 Kh6 43. Rh2 Bb7 44. Nd4 Ba6 45. Nc6 Rc8 46. Ne7 Rxc3 47.
Ng8+ Kg5 48. h6 Rc2+ 49. Kg3 Rxh2 50. Kxh2 Kg6 51. Kg3 d4 52. Kf2 Bb7 53. Ke2
Be4 54. Kd2 Kh7 55. Nf6+ Kxh6 56. Ng8+ Kg5 57. Nf6 Kf4 58. Nh5+ Kxe5 59. Ng3 f4
60. Nf1 Bg2 61. Nh2 f3 62. Ng4+ Kf4 63. Nf2 e5 64. Nd3+ Kg3 65. Ke1 e4 66. Nf2
e3 67. Ne4+ Kf4 {White resigns} 0-1

[Event "Team 45 45 League T32"]
[Site "Internet Chess Club"]
[Date "2007.01.28"]
[Round "2"]
[White "A-Ru"]
[Black "martineden"]
[Result "0-1"]
[WhiteElo "1880"]
[BlackElo "1957"]
[ECO "D05"]
[TimeControl "2700+45"]

1. d4 d5 2. Nf3 Nf6 3. e3 e6 4. Bd3 c5 5. b3 cxd4 6. exd4 Bd6 7. O-O Nc6 8. Bb2
a6 9. Nbd2 b5 10. Ne5 Nb4 11. Be2 Qc7 12. a3 Nc6 13. f4 O-O 14. Bd3 Qb6 15. Nxc6
Qxc6 16. Qe2 Qc7 17. g3 Bb7 18. Qf3 a5 19. g4 b4 20. g5 Nd7 21. Qh3 g6 22. Qg4
Ba6 23. Bxa6 Rxa6 24. Rac1 bxa3 25. Ba1 a4 26. h4 Rc6 27. c3 Bb4 28. bxa4 Bxc3
29. Nf3 Bxd4+ 30. Bxd4 Rxc1 31. h5 Rxf1+ 32. Kxf1 Qc1+ 33. Kg2 Qc2+ 34. Kg3 Qxa4
35. hxg6 hxg6 36. Qh3 e5 37. fxe5 a2 38. e6 Qxd4 39. Nxd4 a1=Q {White resigns}
0-1

[Event "Team 45 45 League T32"]
[Site "Internet Chess Club"]
[Date "2007.01.28"]
[Round "2"]
[White "Egmont"]
[Black "AndrewYang"]
[Result "1-0"]
[WhiteElo "1676"]
[BlackElo "1666"]
[ECO "B31"]
[TimeControl "2700+45"]

1. e4 c5 2. Nf3 Nc6 3. Bb5 g6 4. Bxc6 bxc6 5. c4 Bg7 6. O-O Nf6 7. Nc3 Ba6 8. b3
Nxe4 9. Bb2 Nf6 10. Ne4 O-O 11. Nxc5 Qb6 12. Bxf6 Qxc5 13. Bxg7 Kxg7 14. d4 Qa5
15. Re1 Rfe8 16. Ne5 Qc7 17. Qd2 d6 18. Ng4 Bc8 19. Qh6+ Kg8 20. Nf6+ Kh8 21.
Qxh7# {Black checkmated} 1-0

[Event "Team 45 45 League T32"]
[Site "Internet Chess Club"]
[Date "2007.01.27"]
[Round "2"]
[White "hansolo1000"]
[Black "chinta"]
[Result "1-0"]
[WhiteElo "1764"]
[BlackElo "1751"]
[ECO "D37"]
[TimeControl "2700+45"]

1. d4 Nf6 2. c4 e6 3. Nc3 d5 4. Nf3 Bd7 5. Bg5 Be7 6. Bxf6 Bxf6 7. cxd5 O-O 8.
e4 a6 9. Be2 b5 10. a3 exd5 11. Nxd5 Nc6 12. e5 Bh4 13. O-O Be6 14. Ne3 Na5 15.
d5 Bc8 16. Rc1 Be7 17. b4 Nb7 18. Qc2 Bg5 19. Nxg5 Qxg5 20. f4 Qg6 21. Qxg6 hxg6
22. Rxc7 Nd8 23. Rfc1 Bb7 24. g3 Rb8 25. Kf2 Re8 26. Bg4 Kf8 27. Bd7 Ne6 28.
dxe6 Red8 29. e7+ Kxe7 30. Bc8+ Kf8 31. Bxb7 Rd2+ 32. Kf3 Rd3 33. Rc8+ Rxc8 34.
Rxc8+ Ke7 {Black resigns} 1-0

[Event "Team 45 45 League T32"]
[Site "Internet Chess Club"]
[Date "2007.01.28"]
[Round "2"]
[White "shakkimestari"]
[Black "kamu"]
[Result "0-1"]
[WhiteElo "1728"]
[BlackElo "1689"]
[ECO "A60"]
[TimeControl "2700+45"]

1. d4 Nf6 2. c4 c5 3. d5 e6 4. dxe6 fxe6 5. Bg5 Be7 6. Nc3 O-O 7. e3 Nc6 8. Nf3
d5 9. cxd5 exd5 10. Bxf6 Bxf6 11. Qxd5+ Qxd5 12. Nxd5 Bxb2 13. Rb1 Ba3 14. Bc4
Na5 15. Ne7+ Kh8 16. Bd5 Bb4+ 17. Kf1 Bg4 18. Ng5 Rae8 19. Ng6+ hxg6 20. h3 Bf5
21. e4 Bd7 22. g4 Bb5+ 23. Kg2 Bc4 24. Nf7+ Rxf7 25. Bxf7 Bxf7 26. f3 Bxa2 27.
Rbd1 Be6 28. f4 Bb3 29. Rd7 {White resigns} 0-1

[Event "Team 45 45 League T32"]
[Site "Internet Chess Club"]
[Date "2007.01.28"]
[Round "2"]
[White "Mater"]
[Black "LoseOften"]
[Result "0-1"]
[WhiteElo "1755"]
[BlackElo "1752"]
[ECO "A85"]
[TimeControl "2700+45"]

1. d4 f5 2. c4 Nf6 3. Nc3 e6 4. a3 Be7 5. Bf4 O-O 6. h3 d6 7. Nf3 b6 8. e3 Bb7
9. Be2 h6 10. Qb3 Nbd7 11. O-O-O Be4 12. Rhg1 c5 13. g4 cxd4 14. exd4 g5 15. Bd2
f4 16. h4 Bxf3 17. Bxf3 Rc8 18. hxg5 hxg5 19. c5 d5 20. cxb6 Nxb6 21. Qc2 Kg7
22. Rde1 Rc6 23. Re5 Nfd7 24. Rh1 Rh8 25. Rxh8 Qxh8 26. Re1 Nc4 27. Rh1 Qg8 28.
Nxd5 exd5 29. Bxd5 Qxd5 30. Qh7+ Kf8 31. Bc3 Nxb2 32. Kxb2 Qb5+ 33. Ka1 Rxc3 34.
Qh8+ Kf7 35. Rh7+ Ke6 36. d5+ Qxd5 37. Qxc3 Bf6 38. Rh6 Qd1+ {White resigns} 0-1

[Event "Team 45 45 League T32"]
[Site "Internet Chess Club"]
[Date "2007.01.26"]
[Round "2"]
[White "shijith"]
[Black "MaunaKeaMike"]
[Result "1/2-1/2"]
[WhiteElo "1767"]
[BlackElo "1818"]
[ECO "E38"]
[TimeControl "2700+45"]

1. d4 Nf6 2. c4 e6 3. Nc3 Bb4 4. Qc2 c5 5. dxc5 Bxc5 6. a3 Qb6 7. e3 Qc7 8. Nf3
a6 9. b4 Be7 10. Bb2 O-O 11. Be2 d5 12. cxd5 Nxd5 13. O-O Bf6 14. Rac1 Nxc3 15.
Bxc3 Bxc3 16. Qxc3 Qxc3 17. Rxc3 Nc6 18. Rd1 e5 19. Rc5 f6 20. h3 Be6 21. Rd6
Kf7 22. Rc2 Ke7 23. Rcd2 Rfd8 24. Rxd8 Rxd8 25. Rxd8 Kxd8 26. Kf1 Kd7 27. Ke1
Kd6 28. Nd2 f5 29. Kd1 Ne7 30. Nc4+ Bxc4 31. Bxc4 Nd5 32. Kd2 b5 33. Bb3 g5 34.
g3 h6 35. f3 Kc6 36. Kd3 Nf6 37. Bf7 Kd6 38. e4 fxe4+ 39. fxe4 Kc6 {Game drawn
by mutual agreement} 1/2-1/2

[Event "Team 45 45 League T32"]
[Site "Internet Chess Club"]
[Date "2007.01.29"]
[Round "2"]
[White "ERaulli"]
[Black "Beancounter"]
[Result "1-0"]
[WhiteElo "1756"]
[BlackElo "1687"]
[ECO "D58"]
[TimeControl "2700+45"]

1. c4 e6 2. Nc3 d5 3. d4 Nf6 4. Bg5 Be7 5. Nf3 h6 6. Bh4 O-O 7. e3 b6 8. Bxf6
Bxf6 9. cxd5 exd5 10. b4 Be6 11. Rb1 Nd7 12. Bd3 c5 13. bxc5 bxc5 14. O-O cxd4
15. Nxd4 Bxd4 16. exd4 Nf6 17. Rb7 Qa5 18. Qb3 Ne4 19. Bxe4 dxe4 20. d5 Bf5 21.
Nd1 Bg6 22. Ne3 Qc5 23. Rd1 Bh5 24. g4 Bg6 25. d6 Qg5 26. Qd5 Qf6 27. Nc4 Rfd8
28. Ne5 Qg5 29. h3 h5 30. Nc6 Qxd5 31. Rxd5 hxg4 32. Nxd8 Rxd8 33. Rxa7 gxh3 34.
Rc7 Kf8 35. a4 f5 36. a5 f4 37. a6 e3 38. fxe3 fxe3 39. a7 e2 40. Re5 Bd3 41.
Rb7 {Black resigns} 1-0

[Event "Team 45 45 League T32"]
[Site "Internet Chess Club"]
[Date "2007.01.27"]
[Round "2"]
[White "rabanito"]
[Black "manzeer"]
[Result "1-0"]
[WhiteElo "1735"]
[BlackElo "1660"]
[ECO "C10"]
[TimeControl "2700+45"]

1. e4 e6 2. d4 d5 3. Nc3 b6 4. Nf3 Bb7 5. exd5 Bxd5 6. Nxd5 exd5 7. Be2 Ne7 8.
O-O g6 9. Bg5 Bg7 10. Re1 O-O 11. Bxe7 Qxe7 12. Ba6 Qd6 13. Bb7 Nd7 14. Bxa8
Rxa8 15. Qd3 a5 16. c3 c5 17. Re2 c4 18. Qd2 Nf6 19. Ne5 Ne4 20. Qe3 f6 21. Nf3
Kf7 22. Rae1 b5 23. Nd2 b4 {Black resigns} 1-0

[Event "Team 45 45 League T32"]
[Site "Internet Chess Club"]
[Date "2007.01.29"]
[Round "2"]
[White "EagerToLearn"]
[Black "jorobo"]
[Result "1/2-1/2"]
[WhiteElo "2097"]
[BlackElo "2205"]
[ECO "C05"]
[TimeControl "2700+45"]

1. e4 e6 2. d4 d5 3. Nd2 Nf6 4. e5 Nfd7 5. Bd3 c5 6. c3 Nc6 7. Ne2 Qb6 8. Nf3
cxd4 9. cxd4 f6 10. exf6 Nxf6 11. O-O Bd6 12. Nc3 O-O 13. Bg5 Qxb2 14. Na4 Qa3
15. Bc1 Qb4 16. Bd2 Qa3 17. Bc1 Qb4 18. Bd2 Qa3 19. Bc1 {Game drawn by
repetition} 1/2-1/2

[Event "Team 45 45 League T32"]
[Site "Internet Chess Club"]
[Date "2007.01.28"]
[Round "2"]
[White "mala9"]
[Black "fhunfi"]
[Result "1-0"]
[WhiteElo "2121"]
[BlackElo "1941"]
[ECO "A22"]
[TimeControl "2700+45"]

1. c4 e5 2. Nc3 Nf6 3. g3 Nc6 4. Bg2 Bb4 5. Nd5 Be7 6. d3 d6 7. Nf3 O-O 8. O-O
Re8 9. Rb1 Nxd5 10. cxd5 Nd4 11. e3 Nxf3+ 12. Qxf3 Bd7 13. h3 c6 14. d4 exd4 15.
exd4 cxd5 16. Bf4 Be6 17. g4 Qb6 18. Qd3 Rac8 19. Be3 Rc7 20. Bd2 Bf6 21. Bc3
Bd7 22. Rfe1 Rxe1+ 23. Rxe1 Rc8 24. Bxd5 Re8 25. Rxe8+ Bxe8 26. Qe3 Kf8 27. g5
Qb5 28. gxf6 Qd7 29. fxg7+ Kxg7 30. Qg5+ Kf8 31. Bb4 {Black resigns} 1-0

[Event "Team 45 45 League T32"]
[Site "Internet Chess Club"]
[Date "2007.01.26"]
[Round "2"]
[White "matein7"]
[Black "PrincessChess"]
[Result "0-1"]
[WhiteElo "1933"]
[BlackElo "1827"]
[ECO "D45"]
[TimeControl "2700+45"]

1. d4 d5 2. c4 c6 3. Nc3 Nf6 4. Nf3 e6 5. e3 Nbd7 6. cxd5 exd5 7. Bd3 Bd6 8. O-O
O-O 9. Bd2 b6 10. Qa4 Bb7 11. b4 b5 12. Qb3 a5 13. bxa5 Rxa5 14. Nxb5 Rxb5 15.
Bxb5 cxb5 16. Qxb5 Qa8 17. Rfc1 Ba6 18. Qc6 Ba3 19. Qxa8 Rxa8 20. Rc7 Bc4 21.
Rb1 Bd6 22. Rc6 Bf8 23. Bb4 Bxa2 24. Ra1 Bxb4 25. Rc2 Bd6 26. Rcxa2 Rf8 27. Ra7
Nb6 28. Ne5 Nc8 29. Rb7 Ne7 30. Ra6 Nf5 31. g4 Bxe5 32. dxe5 Nxg4 33. Rb5 Nxe5
34. Rxd5 f6 35. Rb5 Rc8 36. Rb7 Nh4 37. Kf1 Nhf3 38. Ke2 Rc2+ 39. Kd1 Rd2+ 40.
Kc1 Nd3+ 41. Kb1 h5 42. Raa7 Rb2+ 43. Rxb2 Nxb2 44. Kxb2 Nxh2 45. Kc3 Ng4 46.
Ra2 Kf7 47. Kd4 Ne5 48. Ke4 Kg6 49. f3 Nf7 50. f4 Nd6+ 51. Kf3 Nf5 52. Rg2+ Kf7
53. Kf2 Nh6 54. e4 g6 55. Kf3 Ng4 56. Ra2 Kg7 57. Ra7+ Kh6 58. Rf7 g5 59. e5
gxf4 60. e6 Ne5+ 61. Kxf4 Nxf7 62. e7 Nd6 {White resigns} 0-1

[Event "Team 45 45 League T32"]
[Site "Internet Chess Club"]
[Date "2007.01.26"]
[Round "2"]
[White "OrangeKing"]
[Black "ChrisBreeden"]
[Result "0-1"]
[WhiteElo "1779"]
[BlackElo "1903"]
[ECO "A04"]
[TimeControl "2700+45"]

1. Nf3 c5 2. g3 g6 3. Bg2 Bg7 4. O-O Nc6 5. c3 e5 6. e4 Nge7 7. d3 O-O 8. Be3 d6
9. d4 exd4 10. cxd4 Qb6 11. dxc5 Qxb2 12. cxd6 Qxa1 13. dxe7 Re8 14. Qd2 Rxe7
15. Ng5 h6 16. Nh3 Kh7 17. f4 Bxh3 18. Bxh3 Rxe4 19. Bg2 Rd8 20. Qf2 Rxe3 {White
resigns} 0-1